 Dungeon Crawl Stone Soup version 0.21-a0-352-g5b8f553 (webtiles) character file.

103187 Ijustatesigmund the Covert (level 15, -4/80 HPs)
             Began as a Spriggan Enchanter on Oct 11, 2017.
             Was the Champion of Ashenzari.
             Slain by Urug
             ... wielding a +0 halberd of freezing
              (15 damage)
             ... on level 14 of the Dungeon.
             The game lasted 02:09:55 (27349 turns).

Ijustatesigmund the Covert (Spriggan Enchanter)    Turns: 27349, Time: 02:09:55

Health: -4/80      AC: 18    Str:  4    XL:     15   Next: 88%
Magic:  31/33      EV: 29    Int: 19    God:    Ashenzari [******]
Gold:   480        SH: 11    Dex: 21    Spells: 17/40 levels left

rFire    + . .     SeeInvis +   u - +5 dagger (protect) (curse)
rCold    . . .     Gourm    .   M - +2 buckler {AC+3} (curse)
rNeg     . . .     Faith    .   b - +0 troll leather armour (curse)
rPois    .         Spirit   .   C - +2 hat {SInv} (curse)
rElec    .         Reflect  .   f - +0 cloak (curse)
rCorr    .         Harm     .   (gloves unavailable)
MR       ++...     Clarity  +   (boots unavailable)
Stlth    +++++++...             (no amulet)
HPRegen  0.63/turn              k - +5 ring of slaying (curse)
MPRegen  0.23/turn              l - +6 ring of slaying (curse)

@: protection aura, very quick
A: unfitting armour, see invisible, fire resistance 1, herbivore 3, speed 3,
slow metabolism 2
a: Curse Item, Scrying, Transfer Knowledge, Renounce Religion


You were on level 14 of the Dungeon.
You worshipped Ashenzari.
Ashenzari was exalted by your worship.
You were not hungry.

You visited 4 branches of the dungeon, and saw 23 of its levels.
You also visited: Ossuary and Ice Cave.

You collected 3206 gold pieces.
You spent 2726 gold pieces at shops.

Inventory:

Hand Weapons
 i - a +3 dagger
 u - a cursed +5 dagger of protection (weapon)
 J - a +1 rapier of holy wrath
Missiles
 I - 4 throwing nets (quivered)
Armour
 b - a cursed +0 troll leather armour (worn)
 f - a cursed +0 cloak (worn)
 C - a cursed +2 hat of see invisible (worn)
 H - the -2 hat of the Alchemist {rElec rPois rF+ rC+ rN+ MR+ rMut rCorr}
   (You found it in an ice cave)

   It protects you from fire.
   It protects you from cold.
   It insulates you from electricity.
   It protects you from poison.
   It protects you from negative energy.
   It affects your resistance to hostile enchantments.
   It protects you from acid and corrosion.
   It protects you from mutation.
 M - a cursed +2 buckler of protection (worn)
Jewellery
 a - a +4 ring of protection
 g - the cursed ring of Utoesuocw {rElec rF+ rN+ Str+4 Dex-3}
   (You acquired it on level 5 of the Lair of Beasts)

   [ring of protection from fire]

   It affects your strength (+4).
   It affects your dexterity (-3).
   It protects you from fire.
   It insulates you from electricity.
   It protects you from negative energy.
   It has a curse placed upon it.
 h - an uncursed ring of resist corrosion
 k - a cursed +5 ring of slaying (left hand)
 l - a cursed +6 ring of slaying (right hand)
 w - an uncursed ring of ice
 F - an uncursed ring of fire
 X - an uncursed ring of protection from fire
 Y - an uncursed ring of wizardry
Wands
 c - a wand of digging (9/24)
 z - a wand of scattershot (3/9)
 B - a wand of disintegration (2/24)
 N - a wand of iceblast (9/15)
 O - a wand of iceblast (15/15)
Scrolls
 j - 5 scrolls of blinking
 n - a scroll of immolation
 v - 3 scrolls of magic mapping
 y - a scroll of fog
 E - 4 scrolls of remove curse
 L - 4 scrolls of teleportation
 P - 2 scrolls of recharging
 R - a scroll of holy word
 U - 7 scrolls of identify
 V - 2 scrolls of brand weapon
Potions
 e - 3 potions of ambrosia
 m - a potion of heal wounds
 o - 2 potions of invisibility
 p - 9 potions of curing
 q - 7 potions of flight
 s - 7 potions of brilliance
 x - 2 potions of might
 G - a potion of resistance
 K - a potion of berserk rage
 S - 4 potions of haste
 Z - a potion of agility
Books
 r - a book of Unlife

   Spells                             Type                      Level
   a - Recall                         Summoning/Translocation      3
   b - Animate Dead                   Necromancy                   4
   c - Control Undead                 Necromancy                   4
   d - Cigotuvi's Embrace             Necromancy                   5
   e - Death Channel                  Necromancy                   6
   f - Simulacrum                     Ice/Necromancy               6
 A - a book of Power

   Spells                             Type                      Level
   a - Iskenderun's Battlesphere      Conjuration/Charms           5
   b - Venom Bolt                     Conjuration/Poison           5
   c - Bolt of Magma                  Conjuration/Fire/Earth       5
   d - Iron Shot                      Conjuration/Earth            6
   e - Orb of Destruction             Conjuration                  7
   f - Spellforged Servitor           Conjuration/Summoning        7
 Q - a book of Callings

   Spells                             Type                      Level
   a - Summon Small Mammal            Summoning                    1
   b - Call Imp                       Summoning                    2
   c - Call Canine Familiar           Summoning                    3
   d - Summon Guardian Golem          Hexes/Summoning              3
   e - Summon Lightning Spire         Summoning/Air                4
   f - Summon Ice Beast               Ice/Summoning                4
 T - a book of Necromancy

   Spells                             Type                      Level
   a - Pain                           Necromancy                   1
   b - Animate Skeleton               Necromancy                   1
   c - Vampiric Draining              Necromancy                   3
   d - Regeneration                   Charms/Necromancy            3
   e - Animate Dead                   Necromancy                   4
   f - Control Undead                 Necromancy                   4
 W - a book of Minor Magic

   Spells                             Type                      Level
   a - Magic Dart                     Conjuration                  1
   b - Blink                          Translocation                2
   c - Call Imp                       Summoning                    2
   d - Slow                           Hexes                        2
   e - Conjure Flame                  Conjuration/Fire             3
   f - Mephitic Cloud                 Conjuration/Poison/Air       3
Comestibles
 d - 15 bread rations
 t - 30 royal jellies
 D - 16 fruits


   Skills:
 + Level 10.2 Fighting
 - Level 9.5(13.8) Short Blades
 - Level 0.3 Throwing
 - Level 7.0 Armour
 - Level 8.9(13.3) Dodging
 - Level 13.8(17.9) Stealth
 - Level 5.8(8.9) Shields
 - Level 13.1 Spellcasting
 - Level 2.4(4.8) Conjurations
 - Level 8.3(11.3) Hexes
 - Level 7.0(10.1) Charms
 - Level 8.2(11.2) Translocations
 - Level 3.5(6.2) Fire Magic
 - Level 6.5(9.6) Ice Magic
 - Level 5.7(8.8) Air Magic
 - Level 6.2(9.3) Poison Magic


You had 17 spell levels left.
You knew the following spells:

 Your Spells              Type           Power        Failure   Level  Hunger
a - Corona                Hex            ######.      1%          1    None
b - Ensorcelled Hibernat  Hex/Ice        ######       1%          2    None
c - Apportation           Tloc           ######       1%          1    None
d - Dazzling Spray        Conj/Hex       #####.       1%          3    None
e - Mephitic Cloud        Conj/Pois/Air  #####...     1%          3    None
f - Cause Fear            Hex            ######....   1%          4    #......
g - Ozocubu's Armour      Chrm/Ice       #####...     1%          3    None
h - Conjure Flame         Conj/Fire      ####....     2%          3    None
i - Blink                 Tloc           N/A          1%          2    None
j - Magic Dart            Conj           ####         1%          1    None


Dungeon Overview and Level Annotations

Branches:
Dungeon (14/15) Temple (1/1) D:7 Lair (6/6) D:10 Swamp (0/4) Lair:4 Spider (0/4) Lair:3 Slime (0/5) Lair:5 Orc (2/2) D:9 Elf (0/3) Orc:2 Vaults (0/5) D:13 D:14

Altars:
Ashenzari
Cheibriados
Dithmenos
Elyvilon
Fedhas
Gozag
Hepliaklqana
Kikubaaqudgha
Makhleb
Nemelex Xobeh
Okawaru
Qazlal
Ru
Sif Muna
Trog
Uskayaw
Vehumet
Wu Jian
Xom
Yredelemnul
Zin
The Shining One
Jiyva

Shops:
D:5 !   D:12 !!*?   D:13 *   Orc:1 [   Orc:2 !*[*

Annotations:
D:7 Dowan
D:10 Josephine
D:14 Urug
Lair:3 exclusion: 2 oklob plants


Innate Abilities, Weirdness & Mutations

You are very small and have problems with some larger weapons.
You are too small for most types of armour.
You have supernaturally acute eyesight. (SInv)
You are a herbivore.
You cover ground extremely quickly.
You need consume almost no food.
Your flesh is heat resistant. (rF+)


Message History

Urug freezes you.
* * * LOW HITPOINT WARNING * * *
You hit Urug.
Urug is lightly wounded.
You feel much better.
Urug hits you with a halberd of freezing!!
* * * LOW HITPOINT WARNING * * *
Urug freezes you.
* * * LOW HITPOINT WARNING * * *
Casting: Ozocubu's Armour
Confirm with . or Enter, or press ? or * to list all spells.
Aiming: Apportation
Press: ? - help, Dir - move target cursor Apport: a scroll of identify
Okay, then.
Casting: Apportation
Confirm with . or Enter, or press ? or * to list all spells.
You blink.
Urug hits you from afar with a halberd of freezing!
You die...

,, * * **,* , * *,
* * ,* ,,..... ,* *
*** , , , , ,*
***#...,, ,,, ,, ,
,,, ,, , ,, ,.... ,
* ** * * *,* *
,**## #.#..#∆, ,,,,
,,* ,,, ,
..#.#..#.# # * * *
* ,*,
*##.#.#..#.#.#.* *
* * , ,*
#..#.#..#.#... ** *
* ,*,
#.....@....... , ,
< ,,,
#..(.........# *
*** * * ,*
,*#.....o....... ,,
, , , *
,#....§..?....#**
*** * ** *
#..)(.<∩.(.... ,
,,, , , , ,
*,#...(.><.....#**
* , ,
*................#
, ,
......(.........#
,,,
**###.............#
*


You could see Urug.

Vanquished Creatures
  Gastronok (Lair:1)
  A frost giant (IceCv)
  An entropy weaver (Lair:5)
  2 fire dragons (Lair:6)
  2 hydras
  Harold (D:10)
  Erica (D:8)
  13 two-headed ogres
  2 ogre magi (Orc:2)
  A centaur warrior (D:14)
  4 death yaks
  A queen ant (Lair:4)
  An orc high priest (Orc:2)
  Sonja (D:11)
  A fire crab (Lair:5)
  Nergalle (D:10)
  2 deep trolls (Orc:2)
  2 skeletal warriors (D:11)
  A swamp dragon (Lair:6)
  2 orc knights
  A lindwurm (Lair:6)
  2 ugly things
  2 orc sorcerers (Orc:2)
  3 cyclopes
  A manticore (D:12)
  Maurice (D:8)
  10 elephants
  An ice statue (IceCv)
  5 black mambas
  Psyche (D:12)
  5 torpor snails (Lair:6)
  15 rime drakes
  18 spiny frogs
  4 kobold demonologists
  10 komodo dragons
  2 gargoyles
  4 tyrant leeches (Lair:6)
  9 hornets
  15 polar bears
  A queen bee (D:11)
  8 trolls
  A wolf spider simulacrum (D:14)
  4 dream sheep (Lair:6)
  12 hippogriffs
  15 blink frogs
  2 wyverns
  2 vampires
  16 humans
  3 wraiths
  58 yaks
  5 basilisks
  Grum (D:8)
  3 vampire mosquitoes (D:12)
  15 steam dragons
  6 wargs
  22 soldier ants
  Duvessa (D:7)
  11 water moccasins
  An acid dragon (Lair:6)
  6 porcupines
  A porcupine (shapeshifter) (D:13)
  18 orc warriors
  3 sky beasts
  2 phantoms
  An eye of draining (shapeshifter) (D:13)
  3 eyes of draining
  13 ice beasts
  2 necrophages
  35 wolves
  29 ogres
  9 centaurs
  24 crocodiles
  20 bullfrogs
  A gnoll sergeant (D:12)
  5 scorpions
  35 killer bees
  4 wights (D:8)
  3 electric eels
  5 howler monkeys
  2 bullfrog zombies
  10 crimson imps
  3 centaur skeletons
  10 hounds
  15 orc priests
  A jelly (D:9)
  30 orc wizards
  8 iguanas
  7 bullfrog skeletons
  31 worker ants
  2 big kobold zombies (Ossuary)
  A hound zombie (D:5)
  A hound skeleton (D:6)
  A howler monkey zombie (D:6)
  9 mummies
  2 worker ant zombies
  12 gnolls
  10 adders
  A shadow imp (D:7)
  An adder skeleton (D:7)
  2 worms
  3 dart slugs
  7 leopard geckos
  69 orcs
  2 giant cockroaches (D:1)
  7 goblins
  10 hobgoblins
  18 jackals
  4 quokkas
  12 bats
  5 frilled lizards
  3 gnoll zombies
  14 kobolds
  2 kobold zombies (Ossuary)
  3 leopard gecko skeletons
  3 orc zombies (Ossuary)
  2 quokka skeletons
  14 rats
  A plant (Lair:3)
894 creatures vanquished.

Vanquished Creatures (others)
  A black mamba (Lair:3)
  An ogre (D:11)
  A bullfrog skeleton (D:11)
  An orc (Orc:1)
  8 fungi
  20 plants
32 creatures vanquished.

Grand Total: 926 creatures vanquished

Notes
Turn   | Place    | Note
-------+----------+-------------------------------------------
     0 | D:1      | Ijustatesigmund the Spriggan Enchanter began the quest for the Orb.
     0 | D:1      | Reached XP level 1. HP: 9/9 MP: 5/5
   574 | D:1      | Reached XP level 2. HP: 11/13 MP: 6/6
   733 | D:1      | Learned a level 2 spell: Ensorcelled Hibernation
   789 | D:1      | Reached skill level 5 in Stealth
  1874 | D:2      | Reached XP level 3. HP: 10/16 MP: 8/8
  2712 | D:2      | Found a sparkling altar of Nemelex Xobeh.
  2715 | D:2      | Found a radiant altar of Vehumet.
  2718 | D:2      | Found a white marble altar of Elyvilon.
  3155 | D:3      | Found a shimmering altar of Xom.
  3172 | D:3      | Reached XP level 4. HP: 11/21 MP: 10/10
  3180 | D:3      | Reached skill level 5 in Dodging
  3193 | D:3      | Reached XP level 5. HP: 19/24 MP: 10/12
  3371 | D:3      | Found a blossoming altar of Fedhas.
  3532 | D:3      | Found a shadowy altar of Dithmenos.
  3920 | D:4      | Found a sand-covered staircase.
  3928 | D:4      | Reached skill level 5 in Spellcasting
  4045 | Ossuary  | Entered an ossuary
  4136 | Ossuary  | Reached XP level 6. HP: 25/29 MP: 14/14
  4139 | Ossuary  | Reached skill level 1 in Fighting
  4500 | D:5      | Entered Level 5 of the Dungeon
  4511 | D:5      | Found Awipt's Distillery.
  4531 | D:5      | Bought a potion of heal wounds for 65 gold pieces
  4531 | D:5      | Bought a potion of curing for 39 gold pieces
  4531 | D:5      | Bought a potion of curing for 39 gold pieces
  4531 | D:5      | Bought a potion of berserk rage for 65 gold pieces
  4643 | D:5      | Reached skill level 1 in Ice Magic
  4643 | D:5      | Reached XP level 7. HP: 30/35 MP: 15/17
  4973 | D:5      | Found a stormy altar of Qazlal.
  5407 | D:4      | Found a burning altar of Makhleb.
  5871 | D:4      | You fall through a shaft for 3 floors!
  5889 | D:7      | Reached XP level 8. HP: 40/40 MP: 19/19
  5953 | D:7      | Found a shimmering altar of Xom.
  5953 | D:7      | Noticed Dowan
  6052 | D:6      | Found a glowing golden altar of the Shining One.
  6094 | D:6      | Found a basalt altar of Yredelemnul.
  6149 | D:6      | Reached skill level 1 in Armour
  6991 | D:6      | Reached XP level 9. HP: 44/44 MP: 21/21
  7298 | D:7      | Reached skill level 5 in Hexes
  7342 | D:7      | Found a staircase to the Ecumenical Temple.
  7343 | D:7      | Gained mutation: Your magical capacity is low. (-10% MP) [potion of mutation]
  7343 | D:7      | Gained mutation: You expend magic power (3 MP) to strengthen your wands. [potion of mutation]
  7343 | D:7      | Gained mutation: You have sharp toenails. [potion of mutation]
  7348 | Temple   | Entered the Ecumenical Temple
  7453 | Temple   | Became a worshipper of Ashenzari the Shackled
  7506 | D:7      | Learned a level 1 spell: Apportation
  7747 | D:7      | Found a shimmering altar of Xom.
  7751 | D:7      | Noticed Duvessa
  7759 | D:7      | Found a shimmering altar of Xom.
  7769 | D:7      | Killed Duvessa
  7836 | D:8      | Noticed Erica
  7847 | D:8      | Killed Erica
  7847 | D:8      | Reached skill level 5 in Fighting
  8117 | D:8      | Reached XP level 10. HP: 47/51 MP: 21/21
  8383 | D:9      | Noticed a two-headed ogre
  8436 | D:9      | Paralysed by a hornet for 3 turns
  8462 | D:9      | Noticed a two-headed ogre
  8494 | D:9      | Reached * piety under Ashenzari
  8776 | D:8      | Noticed Maurice
  8781 | D:8      | Noticed Grum
  8786 | D:8      | Killed Maurice
  8786 | D:8      | Reached skill level 5 in Short Blades
  8790 | D:8      | Killed Grum
  8971 | D:8      | Learned a level 3 spell: Dazzling Spray
  8984 | D:8      | Found a hazy altar of Hepliaklqana.
  9218 | D:8      | Reached skill level 1 in Conjurations
  9396 | D:9      | Killed a two-headed ogre
  9569 | D:9      | Reached skill level 10 in Stealth
  9590 | D:9      | Found a staircase to the Orcish Mines.
  9609 | D:10     | Entered Level 10 of the Dungeon
  9799 | D:9      | Killed a two-headed ogre
  9799 | D:9      | Reached XP level 11. HP: 56/56 MP: 2/22
 10158 | D:9      | Found a bloodstained altar of Trog.
 10238 | D:10     | Noticed Harold
 10242 | D:10     | Killed Harold
 10324 | D:10     | Identified a scroll of acquirement
 10368 | D:10     | Noticed Nergalle
 10385 | D:10     | Killed Nergalle
 10385 | D:10     | Reached skill level 1 in Shields
 10448 | D:10     | Noticed a two-headed ogre
 10459 | D:10     | Killed a two-headed ogre
 10527 | D:11     | Noticed Sonja
 10532 | D:11     | Killed Sonja
 10670 | D:10     | Reached ** piety under Ashenzari
 10854 | D:10     | Noticed Josephine
 11253 | D:10     | Found a staircase to the Lair.
 11512 | D:9      | Reached skill level 5 in Shields
 11855 | D:11     | Noticed a skeletal warrior
 11855 | D:11     | Noticed a skeletal warrior
 11855 | D:11     | Noticed a skeletal warrior
 11856 | D:11     | Noticed a skeletal warrior
 11973 | Lair:1   | Entered Level 1 of the Lair of Beasts
 11987 | Lair:1   | Noticed Gastronok
 12055 | Lair:1   | Noticed an eight-headed hydra
 12076 | Lair:1   | Killed an eight-headed hydra
 12190 | Lair:1   | Killed Gastronok
 12190 | Lair:1   | Reached XP level 12. HP: 56/62 MP: 23/23
 12542 | Lair:1   | Learned a level 3 spell: Mephitic Cloud
 12657 | Lair:1   | Reached *** piety under Ashenzari
 13304 | Lair:2   | Lost mutation: You expend magic power (3 MP) to strengthen your wands. [potion of mutation]
 13304 | Lair:2   | Lost mutation: Your magical capacity is low. (-10% MP) [potion of mutation]
 13304 | Lair:2   | Gained mutation: You tend to lose your temper in combat. [potion of mutation]
 13304 | Lair:2   | Gained mutation: You are somewhat resistant to further mutation. [potion of mutation]
 13713 | Lair:3   | Reached skill level 1 in Air Magic
 13713 | Lair:3   | Reached skill level 1 in Poison Magic
 13733 | Lair:3   | Reached skill level 10 in Spellcasting
 13959 | Lair:4   | Reached **** piety under Ashenzari
 14615 | Lair:4   | Found a staircase to the Swamp.
 14662 | Lair:4   | Reached XP level 13. HP: 67/68 MP: 28/28
 14700 | Lair:4   | Lost mutation: You tend to lose your temper in combat. [potion of mutation]
 14700 | Lair:4   | Lost mutation: You have sharp toenails. [potion of mutation]
 14700 | Lair:4   | Lost mutation: You are somewhat resistant to further mutation. [potion of mutation]
 14700 | Lair:4   | Gained mutation: Your flesh is heat resistant. (rF+) [potion of mutation]
 14700 | Lair:4   | Gained mutation: You are dopey. (Int -2) [potion of mutation]
 14700 | Lair:4   | Lost mutation: You are dopey. (Int -2) [potion of mutation]
 15120 | Lair:4   | Noticed an entropy weaver
 15351 | Lair:4   | Noticed an entropy weaver
 15365 | Lair:3   | Found a hole to the Spider Nest.
 15720 | Lair:6   | Entered Level 6 of the Lair of Beasts
 15729 | Lair:6   | Reached skill level 5 in Poison Magic
 15859 | Lair:4   | Reached skill level 5 in Armour
 15918 | Lair:4   | Reached skill level 5 in Air Magic
 16543 | Lair:5   | Found a staircase to the Slime Pits.
 16543 | Lair:5   | Found a viscous altar of Jiyva.
 16558 | Lair:5   | Learned a level 4 spell: Cause Fear
 16980 | Lair:5   | Killed an entropy weaver
 17321 | Lair:6   | Reached XP level 14. HP: 69/73 MP: 30/30
 17597 | Lair:5   | Identified the cursed ring of Utoesuocw {rElec rF+ rN+ Str+4 Dex-3} (You acquired it on level 5 of the Lair of Beasts)
 17792 | Lair:6   | Reached ***** piety under Ashenzari
 18481 | Lair:6   | Found a runed door.
 19587 | Lair:6   | Paralysed by a hornet for 1 turns
 20139 | Lair:3   | Learned a level 3 spell: Ozocubu's Armour
 20428 | Lair:3   | Reached skill level 1 in Charms
 20428 | Lair:3   | Reached skill level 5 in Ice Magic
 20471 | Lair:3   | Identified the +10 hand axe "Xathop" {chop, rF+ rN+ Str-2 SInv Stlth+}
 21031 | Lair:1   | Learned a level 3 spell: Conjure Flame
 21058 | Orc:1    | Entered Level 1 of the Orcish Mines
 21058 | Orc:1    | Found Fit Qay's Antique Armour Shop.
 21070 | Orc:1    | Found a frozen archway.
 21160 | IceCv    | Entered an ice cave
 21507 | IceCv    | Reached skill level 1 in Fire Magic
 21882 | IceCv    | Identified the cursed -8 shield "Poeqixt" {rC+ Str+3 Dex-4}
 21901 | IceCv    | Found the -2 hat of the Alchemist {rElec rPois rF+ rC+ rN+ MR+ rMut rCorr}
 21901 | IceCv    | Noticed a frost giant
 22044 | IceCv    | Killed a frost giant
 22044 | IceCv    | Reached XP level 15. HP: 31/77 MP: 20/32
 22992 | Orc:2    | Entered Level 2 of the Orcish Mines
 22992 | Orc:2    | Found a staircase to the Elven Halls.
 23219 | Orc:1    | Reached skill level 5 in Charms
 23738 | Orc:2    | Found Tagat's Distillery.
 23739 | Orc:2    | Found Reyxzebi's General Store.
 24430 | Orc:2    | Found Piycs's Antique Armour Boutique.
 24433 | Orc:2    | Bought a scroll of brand weapon for 280 gold pieces
 24438 | Orc:2    | Bought a potion of haste for 110 gold pieces
 24438 | Orc:2    | Bought a potion of agility for 44 gold pieces
 24441 | Orc:2    | Found Reaclis's General Store.
 24444 | Orc:2    | Bought a transparent buckler for 323 gold pieces
 24444 | Orc:2    | Identified the +3 buckler "Minaocil" {rC- Str+4 Stlth+} (You bought it in a shop on level 2 of the Orcish Mines)
 24462 | Orc:2    | Bought a scroll of teleportation for 42 gold pieces
 24462 | Orc:2    | Bought 3 scrolls of identify for 84 gold pieces
 24462 | Orc:2    | Bought a scroll of identify for 28 gold pieces
 24484 | Orc:2    | Bought a potion of resistance for 140 gold pieces
 24484 | Orc:2    | Bought a potion of berserk rage for 70 gold pieces
 24500 | Orc:2    | Found a deep blue altar of Sif Muna.
 24923 | D:11     | Identified the +7 short sword of Fear {elec, rPois Str+6}
 25956 | D:12     | Found Nilekios's Food Boutique.
 25971 | D:12     | Bought 2 fruits for 33 gold pieces
 25971 | D:12     | Bought a royal jelly for 22 gold pieces
 25971 | D:12     | Bought a royal jelly for 22 gold pieces
 25971 | D:12     | Bought a royal jelly for 22 gold pieces
 25971 | D:12     | Bought a bread ration for 55 gold pieces
 25971 | D:12     | Bought a bread ration for 55 gold pieces
 25971 | D:12     | Bought 2 fruits for 33 gold pieces
 25971 | D:12     | Bought a fruit for 16 gold pieces
 25971 | D:12     | Bought 2 fruits for 33 gold pieces
 25981 | D:12     | Reached ****** piety under Ashenzari
 26078 | D:12     | Found Qaijonu's Magic Scroll Shoppe.
 26148 | D:12     | Noticed Psyche
 26167 | D:12     | Killed Psyche
 26226 | D:12     | Bought a scroll of remove curse for 45 gold pieces
 26226 | D:12     | Bought a scroll of identify for 30 gold pieces
 26226 | D:12     | Bought a scroll of teleportation for 45 gold pieces
 26226 | D:12     | Bought a scroll of blinking for 112 gold pieces
 26228 | D:12     | Found Arrecwa's Distillery.
 26236 | D:12     | Bought 2 potions of invisibility for 256 gold pieces
 26236 | D:12     | Bought a potion of heal wounds for 80 gold pieces
 26236 | D:12     | Bought a potion of brilliance for 64 gold pieces
 26249 | D:12     | Found Liuvutoh's Distillery.
 26258 | D:12     | Bought a potion of heal wounds for 75 gold pieces
 26258 | D:12     | Bought a potion of haste for 150 gold pieces
 26258 | D:12     | Bought a potion of haste for 150 gold pieces
 26363 | D:12     | Learned a level 2 spell: Blink
 26365 | D:12     | Learned a level 1 spell: Magic Dart
 26549 | D:12     | Found Soungu's Assorted Antiques.
 26557 | D:12     | Bought a scroll of teleportation for 99 gold pieces
 26843 | D:13     | Found Gozag's Platinum Reserve.
 26910 | D:13     | Found an opulent altar of Gozag.
 27155 | D:14     | Found a gate to the Vaults.
 27155 | D:14     | Noticed Urug
 27253 | D:13     | Reached skill level 10 in Fighting
 27349 | D:14     | Slain by Urug

Vault maps used:
D:1:      moated_graveyard_arrival
D:2:      grunt_temple_overflow_diamond
D:3:      lemuel_doored_altar, marbit_many_paths, nicolae_overflow_hidden_temple
D:4:      nicolae_overflow_crystal_walls, first_bread,
          gup_ossuary_entry_pyramid, wad_orctagon
D:5:      kennysheep_little_box, serial_shops, shop,
          hangedman_abyss_or_decor_jellyfish_corner, hangedman_decor_push
D:6:      minmay_opposing_rooms, tso_oasis_becter,
          lemuel_zombie_altar_yredelemnul, corexii_shack
D:7:      temple_doors_ab, xom_redecorated, uniq_duvessa
D:8:      overflow_temple_1_default, hangedman_pestilent_swarm, uniq_grum,
          uniq_erica, uniq_maurice
D:9:      tgw_trog, david_orc_2, grunt_ministairs_2, grunt_decor_arrowhead,
          roderic_batcave
D:10:     david_lair_generic, minmay_stone_trees_medium, uniq_josephine,
          uniq_harold, uniq_nergalle
D:11:     lemuel_flamethrower_2, uniq_sonja
D:12:     serial_shops, nicolae_shop_crystal, shop, shop, shop, shop,
          uniq_psyche
D:13:     nicolae_gozag_zags_fifth_avenue
D:14:     david_vaults_3, serial_park_tiny_1, st_stairs_3
Temple:   compressed_dpeg_circular_temple
Lair:1:   minivault_25, grunt_megastairs_5, infiniplex_staircase_pool_2,
          uniq_gastronok
Lair:3:   spider_nest_entry_web_field, bobbens_dragon_lair_wall,
          minmay_lair_oklob_chamber, grunt_megastairs_2, lemuel_fruit_tree
Lair:4:   swamp_mist_pool, serial_bayou_pond_b, zaba_anthell, grunt_megastairs_4
Lair:5:   slime_altar_1, minivault_11, beast_lair_carwin_8
Lair:6:   guppyfry_lair_end_dragon, wormcave, serial_bayou_ford_a
Orc:1:    portal_ice_cave_entry_ice_beasts, serial_shops,
          nicolae_shop_temple_entry_statues_fountains, nooodl_orcs_dogs
Orc:2:    st_orc_open, led_sif_book
Ossuary:  ossuary_tomb_3
IceCv:    ice_cave_caverns_01

Skill      XL: |  1  2  3  4  5  6  7  8  9 10 11 12 13 14 15 |
---------------+----------------------------------------------+-----
Stealth        | 5 6 7 8 10 12 13 | 13.8
Short Blades   | 2 3 4 6 8 9 |  9.5
Dodging        | 4 5 6 8 |  8.9
Spellcasting   | 3 4 5 6 7 8 9 10 11 12 13 | 13.1
Fighting       | 2 3 5 6 8 10 | 10.2
Ice Magic      | 1 2 3 5 6 |  6.5
Armour         | 3 6 7 |  7.0
Hexes          | 4 5 6 8 |  8.3
Translocations | 7 8 |  8.2
Conjurations   | 2 |  2.4
Shields        | 5 |  5.8
Air Magic      | 3 5 |  5.7
Poison Magic   | 3 6 |  6.2
Charms         | 4 7 |  7.0
Fire Magic     | 1 3 |  3.5
Throwing       | |  0.3

Action                   |  1- 3 |  4- 6 |  7- 9 | 10-12 | 13-15 || total
-------------------------+-------+-------+-------+-------+-------++-------
Melee: Dagger            |   233 |   114 |   272 |   588 |  2918 ||  4125
       Kick              |       |       |    16 |   170 |       ||   186
 Cast: Corona            |     1 |       |     1 |       |       ||     2
       Ensorcelled Hiber |       |       |       |    39 |    10 ||    49
       Dazzling Spray    |       |       |       |     6 |     5 ||    11
       Conjure Flame     |       |       |       |       |    14 ||    14
       Ozocubu's Armour  |       |       |       |       |    25 ||    25
       Apportation       |       |       |       |       |     9 ||     9
       Blink             |       |       |       |       |     1 ||     1
Invok: Curse Item        |       |       |     2 |     2 |     2 ||     6
       Scrying           |       |       |       |       |     5 ||     5
Evoke: Wand              |       |     4 |     1 |     1 |    19 ||    25
  Use: Scroll            |     8 |    11 |     7 |    10 |    13 ||    49
       Potion            |     2 |     4 |     1 |     9 |     8 ||    24
 Stab: Sleeping          |     6 |     8 |    13 |    42 |    27 ||    96
       Invisible         |       |     3 |       |     4 |     2 ||     9
       Distracted        |       |     1 |       |     3 |     9 ||    13
  Eat: Fruit             |       |     1 |       |     6 |    12 ||    19
       Royal jelly       |       |       |     2 |       |       ||     2
       Bread ration      |       |       |       |       |     1 ||     1
Armor: Robe              |    20 |     6 |     7 |       |       ||    33
       Skin              |     3 |    12 |       |       |       ||    15
       Troll leather arm |       |       |    39 |    64 |   268 ||   371
Dodge: Dodged            |   179 |    84 |   165 |   278 |  1462 ||  2168
Block: Buckler           |       |       |       |    97 |  1005 ||  1102

Table legend:
 A = Spawn XP
 B = Non-spawn XP
 C = Spawn XP percentage of total XP
 D = Spawn monster count
 E = Non-spawn monster count
 F = Spawn count percentage of total count
 G = Total turns spent on level
                    A         B        C        D         E        F      G
               +---------+---------+-------+---------+---------+-------+---------
         Total |       0 |  147410 |   0.0 |       0 |     894 |   0.0 | 27349
               +---------+---------+-------+---------+---------+-------+---------
           D:1 |       0 |      33 |   0.0 |       0 |      22 |   0.0 |  1681
           D:2 |       0 |      37 |   0.0 |       0 |      18 |   0.0 |  1226
           D:3 |       0 |     286 |   0.0 |       0 |      32 |   0.0 |   960
           D:4 |       0 |     433 |   0.0 |       0 |      22 |   0.0 |  1159
           D:5 |       0 |     329 |   0.0 |       0 |      12 |   0.0 |   772
           D:6 |       0 |    1547 |   0.0 |       0 |      43 |   0.0 |   866
           D:7 |       0 |    1500 |   0.0 |       0 |      21 |   0.0 |   650
           D:8 |       0 |    3608 |   0.0 |       0 |      35 |   0.0 |  1086
           D:9 |       0 |    4935 |   0.0 |       0 |      56 |   0.0 |  1591
          D:10 |       0 |    4944 |   0.0 |       0 |      27 |   0.0 |  1235
          D:11 |       0 |    9483 |   0.0 |       0 |      58 |   0.0 |  1372
          D:12 |       0 |    5633 |   0.0 |       0 |      40 |   0.0 |   726
          D:13 |       0 |    5145 |   0.0 |       0 |      31 |   0.0 |   627
          D:14 |       0 |    1381 |   0.0 |       0 |       3 |   0.0 |    40
        Lair:1 |       0 |    7189 |   0.0 |       0 |      20 |   0.0 |   994
        Lair:2 |       0 |    2941 |   0.0 |       0 |      20 |   0.0 |   816
        Lair:3 |       0 |   11211 |   0.0 |       0 |      45 |   0.0 |  1289
        Lair:4 |       0 |   11629 |   0.0 |       0 |      63 |   0.0 |  1931
        Lair:5 |       0 |   12967 |   0.0 |       0 |      40 |   0.0 |  1462
        Lair:6 |       0 |   23006 |   0.0 |       0 |      81 |   0.0 |  2543
         Orc:1 |       0 |    5035 |   0.0 |       0 |      62 |   0.0 |  1346
         Orc:2 |       0 |   19488 |   0.0 |       0 |      70 |   0.0 |  1295
       Ossuary |       0 |     199 |   0.0 |       0 |      16 |   0.0 |   409
         IceCv |       0 |   14451 |   0.0 |       0 |      57 |   0.0 |  1158
               +---------+---------+-------+---------+---------+-------+---------
